AoeStats
← Carba.

Arabia

510413338Analyzed
4v4 RM · 3d ago on Sep 30, 2026· 46m 27s· 8 players
Game mode
Random Map
Map size
Large (8 player)
Population
200
Speed
Normal
Resources
Standard
Victory
Conquest
Starting age
Dark Age
Ending age
Imperial Age
RankedLock teamsTeams togetherTeam positionsShared explorationLock speedFull tech treeHidden civsTurbo modeCheats
Victory
Defeat
🇪🇸 Malians · Spain
833
+14
🇩🇪 Lithuanians · Germany
776
+16
🇦🇷 Franks · Argentina
773
+16
🇦🇷 Muisca · Argentina
765
+17
🇪🇸 Huns · Spain
881
-19
🇪🇸 Vietnamese · Spain
850
-19
🇪🇸 Varangians · Spain
770
-15
🇪🇸 Spanish · Spain
624
-10
DrMantisToboggan
9:55 Feudal Age
10:13 Loom
10:29 Double-Bit Axe
10:35 Horse Collar
17:40 Castle Age
22:01 Bow Saw
22:15 Padded Archer Armor
23:12 Elite Skirmisher
23:44 Fletching
24:59 Heavy Plow
31:57 Stone Mining
33:39 Scale Barding Armor
33:44 Forging
37:52 Chain Barding Armor
39:15 Marauders
40:29 Gold Mining
42:22 Iron Casting
43:52 Marauders
44:53 Caravan
45:07 Husbandry
45:32 Bloodlines
Carba.
11:05 Feudal Age
11:50 Double-Bit Axe
12:55 Horse Collar
20:25 Scale Barding Armor
20:31 Forging
20:22 Padded Archer Armor
20:13 Fletching
20:56 Gold Mining
20:57 Stone Mining
22:53 Wheelbarrow
27:15 Castle Age
45:00 Hand Cart
Kevin30N
11:06 Feudal Age
9:22 Loom
13:32 Wheelbarrow
15:05 Horse Collar
15:12 Double-Bit Axe
22:03 Castle Age
26:09 Bow Saw
26:45 Heavy Plow
29:35 Elite Skirmisher
30:25 Thumb Ring
31:02 Fletching
31:12 Padded Archer Armor
34:36 Imperial Age
32:24 Pikeman
33:06 Squires
33:08 Bodkin Arrow
33:28 Leather Archer Armor
34:00 Hand Cart
35:45 Chatras
36:08 Paper Money
37:29 Chemistry
38:07 Bloodlines
38:06 Scale Barding Armor
38:03 Bracer
39:46 Ring Archer Armor
39:37 Chain Barding Armor
39:29 Gold Mining
41:37 Husbandry
41:35 Imperial Skirmisher
elputopintos
12:39 Feudal Age
13:07 Double-Bit Axe
18:03 Castle Age
16:06 Horse Collar
21:50 Scale Barding Armor
21:46 Scale Mail Armor
21:57 Forging
21:58 Heavy Plow
25:52 Bow Saw
27:03 Chain Barding Armor
29:38 Wheelbarrow
30:58 Pikeman
37:56 Hand Cart
38:45 Vendel Legacy
44:49 Imperial Age
45:26 Iron Casting
44:51 Halberdier
45:18 Arson
Mephisst0
3:53 Loom
10:41 Feudal Age
12:12 Double-Bit Axe
13:32 Gold Mining
14:37 Fletching
16:01 Padded Archer Armor
18:15 Wheelbarrow
23:54 Castle Age
21:36 Horse Collar
23:10 Stone Mining
24:04 Crossbowman
24:54 Thumb Ring
25:25 Bodkin Arrow
25:46 Leather Archer Armor
26:37 Hand Cart
29:13 Ballistics
31:16 Gold Shaft Mining
36:08 Imperial Age
34:31 Scale Barding Armor
34:50 Masonry
34:20 Treadmill Crane
35:33 Town Watch
37:14 Arbalester
38:33 Bow Saw
39:31 Forging
40:53 Chemistry
40:32 Husbandry
40:45 Bloodlines
41:27 Redemption
42:45 Block Printing
43:35 Heavy Camel Rider
43:45 Light Cavalry
44:26 Heavy Camel Rider
47:22 Chain Barding Armor
47:38 Iron Casting
lucasdboca
0:29 Loom
10:02 Feudal Age
11:19 Wheelbarrow
10:36 Double-Bit Axe
19:03 Castle Age
17:37 Forging
18:07 Gold Mining
19:16 Scale Barding Armor
23:18 Husbandry
25:04 Stone Mining
27:51 Chain Barding Armor
30:06 Hand Cart
31:07 Town Watch
32:48 Gold Shaft Mining
34:46 Imperial Age
34:04 Iron Casting
34:35 Scale Mail Armor
35:31 Bow Saw
34:56 Cavalier
39:15 Plate Barding Armor
38:54 Paladin
41:06 Blast Furnace
41:33 Chain Mail Armor
Spiderschwein
6:22 Loom
9:47 Feudal Age
10:19 Double-Bit Axe
17:48 Castle Age
17:26 Horse Collar
18:34 Scale Barding Armor
18:40 Forging
19:11 Bow Saw
26:58 Wheelbarrow
28:20 Husbandry
28:47 Heavy Plow
29:23 Chain Barding Armor
29:39 Iron Casting
29:41 Squires
30:05 Pikeman
30:31 Arson
31:08 Ballistics
31:12 Hand Cart
32:07 Bloodlines
32:05 Town Watch
35:54 Imperial Age
36:06 Cavalier
37:25 Plate Barding Armor
36:12 Halberdier
38:03 Crop Rotation
38:46 Two-Man Saw
38:05 Town Patrol
39:04 Paladin
41:06 Chemistry
41:23 Scale Mail Armor
41:24 Padded Archer Armor
41:15 Fletching
41:11 Light Cavalry
42:11 Gold Mining
43:13 Man-at-Arms
43:28 Onager
43:44 Elite Skirmisher
braian4400
11:48 Feudal Age
17:12 Castle Age
16:25 Scale Mail Armor
17:12 Forging
17:17 Double-Bit Axe
18:01 Horse Collar
18:46 Loom
18:58 Gold Mining
20:26 Squires
22:32 Wheelbarrow
25:12 Stone Mining
26:54 Chain Mail Armor
29:37 Pikeman
37:27 Imperial Age
35:37 Iron Casting
37:29 Heavy Plow
38:58 Conscription
38:06 Capped Ram
39:40 Elite Temple Guard
41:27 Plate Mail Armor
42:01 Bow Saw
41:43 Fletching
41:53 Padded Archer Armor
Connection lost

Rejoining the realm…

Still unreachable

The connection could not be restored.

Session expired

The server has moved on; the page needs a fresh start.